 Dungeon Crawl Stone Soup version 0.22.1-1-ga44c0e56f4 (webtiles) character file.

267 Kaderl the Slasher (level 6, 0/48 HPs)
             Began as a Human Fighter on Oct 13, 2018.
             Succumbed to a scorpion's poison
             ... on level 4 of the Dungeon.
             The game lasted 00:07:08 (3033 turns).

Kaderl the Slasher (Human Fighter)                  Turns: 3033, Time: 00:07:09

Health: 0/48       AC:  6    Str: 18    XL:     6   Next: 45%
Magic:  6/6        EV:  7    Int:  8    God:
Gold:   185        SH: 10    Dex: 13    Spells: 5/5 levels left

rFire    . . .     SeeInvis .   a - +1 long sword
rCold    . . .     Gourm    .   c - +1 shield
rNeg     . . .     Faith    .   b - +0 scale mail
rPois    .         Spirit   .   (no helmet)
rElec    .         Reflect  .   (no cloak)
rCorr    .         Harm     .   (no gloves)
MR       .....                  (no boots)
Stlth    ..........             q - amulet of magic regeneration
HPRegen  0.16/turn              (no ring)
MPRegen  0.35/turn              (no ring)

@: lethally poisoned (0 -> -20)
A: no striking features
a: no special abilities


You were on level 4 of the Dungeon.
You were not hungry.

You visited 1 branch of the dungeon, and saw 4 of its levels.

You collected 185 gold pieces.

Inventory:

Hand Weapons
 a - a +1 long sword (weapon)
Armour
 b - a +0 scale mail (worn)
 c - a +1 shield (worn)
Jewellery
 q - an amulet of magic regeneration (around neck)
Scrolls
 e - 2 scrolls of remove curse
 g - 2 scrolls of enchant weapon
 j - 3 scrolls of identify
 l - 2 scrolls of noise
 r - 2 scrolls of teleportation
Potions
 d - a potion of might
 h - a potion of mutation {unknown}
 k - a potion of curing {unknown}
 m - a potion of cancellation {unknown}
 p - a potion of brilliance {unknown}
Comestibles
 f - 8 rations


   Skills:
 + Level 4.2 Fighting
 + Level 4.5 Long Blades
 + Level 3.5 Armour
 + Level 0.6 Dodging
 + Level 3.7 Shields


You had 5 spell levels left.
You didn't know any spells.
Your spell library was empty.

Dungeon Overview and Level Annotations

Branches:
Dungeon (4/15)
 Temple: D:4-7

Altars:
Gozag


Message History

You are more poisoned.
The scorpion poisons you!
Okay, then.
You hit the scorpion but do no damage.
The scorpion is almost dead.
* * * LOW HITPOINT WARNING * * *
You feel sick. The hound skeleton bites you.
* * * LOW HITPOINT WARNING * * *
The scorpion closely misses you.
* * * LOW HITPOINT WARNING * * *
You feel sick. The hound skeleton bites you.
* * * LOW HITPOINT WARNING * * *
You see here a scroll labeled ODGHUT BAXYI.
You hit the scorpion.
You kill the scorpion!
* * * LOW HITPOINT WARNING * * *
You feel very sick. You block the hound skeleton's attack.
It was a potion of magic.
Magic courses through your body.
You die...

.#........####.#....
.#.....................#
.#.###.#.#.............#
...................#..#
...###.#.#.............
.....#.#.#............
...................# .#
.........#.........#...##
#.#.............@Z.......
.........###.####........
#.#............ .........
#.#.......##.####.#......
# #.......##.# #.#......
........##.# #........ +
#.. ... ..... #. ...
#####


You could see a hound skeleton.

Vanquished Creatures
  A scorpion (D:4)
  A bullfrog skeleton (D:2)
  A jelly (D:3)
  A worker ant (D:4)
  4 gnolls
  3 adders
  An ooze (D:2)
  2 worms (D:2)
  2 dart slugs (D:1)
  A leopard gecko (D:3)
  5 orcs
  7 giant cockroaches
  5 goblins
  2 hobgoblins (D:2)
  3 quokkas
  3 ball pythons
  8 bats
  4 frilled lizards
  4 kobolds
  5 rats
63 creatures vanquished.

Notes
Turn   | Place    | Note
-------+----------+-------------------------------------------
     0 | D:1      | Kaderl the Human Fighter began the quest for the Orb.
     0 | D:1      | Reached XP level 1. HP: 18/18 MP: 1/1
   212 | D:1      | Reached XP level 2. HP: 24/24 MP: 2/2
   762 | D:2      | Reached XP level 3. HP: 29/29 MP: 3/3
  1011 | D:2      | Reached XP level 4. HP: 34/37 MP: 4/4
  1208 | D:1      | Reached XP level 5. HP: 14/42 MP: 5/5
  1554 | D:2      | Found a faded altar of an unknown god.
  2048 | D:3      | Found an opulent altar of Gozag.
  2317 | D:3      | Reached XP level 6. HP: 47/48 MP: 6/6
  3032 | D:4      | HP: 2/48 [poisoned by a scorpion]
  3033 | D:4      | Succumbed to a scorpion's poison

Skill      XL: |  1  2  3  4  5 |
---------------+----------------+-----
Long Blades    | 3 4 |  4.5
Fighting       | 4 |  4.2
Armour         | |  3.5
Dodging        | |  0.6
Shields        | |  3.7

Action                   |  1- 3 |  4- 6 || total
-------------------------+-------+-------++-------
Melee: Long sword        |    76 |   173 ||   249
  Use: Scroll            |     4 |     7 ||    11
       Potion            |       |     1 ||     1
  Eat: Ration            |       |     2 ||     2
Armor: Scale mail        |    32 |    57 ||    89
Dodge: Dodged            |    24 |    56 ||    80
Block: Shield            |    37 |   114 ||   151
       Rpst.: Long sword |     5 |    19 ||    24
